 Dungeon Crawl Stone Soup version 0.21-a0-346-g330ab2c (webtiles) character file.

8864 rjrrt the Impaler (level 11, -33/94 HPs)
             Began as a Minotaur Gladiator on Oct 5, 2017.
             Was a Priest of Wu Jian.
             Annihilated by an ettin
             ... wielding a +0 dire flail
              (35 damage)
             ... on level 1 of the Orcish Mines.
             The game lasted 00:27:11 (9503 turns).

rjrrt the Impaler (Minotaur Gladiator)              Turns: 9503, Time: 00:27:11

Health: -33/94     AC: 21    Str: 26    XL:     11   Next: 15%
Magic:  10/10      EV: 11    Int:  5    God:    Wu Jian [***...]
Gold:   343        SH:  0    Dex: 12    Spells: 10/10 levels left

rFire    . . .     SeeInvis .   J - +1 hand axe (flame)
rCold    . . .     Gourm    .   (no shield)
rNeg     . . .     Faith    .   k - +0 plate armour
rPois    .         Spirit   .   c - +2 hat
rElec    .         Reflect  .   z - +1 cloak
rCorr    .         Harm     .   (no gloves)
MR       .....                  K - +0 pair of boots
Stlth    ..........             (no amulet)
HPRegen  0.25/turn              p - +4 ring of strength
MPRegen  0.12/turn              D - +3 ring of evasion

@: no status effects
A: retaliatory headbutt, hooves 1, horns 2, iridescent scales 1, shaggy fur 1
a: Renounce Religion


You were on level 1 of the Orcish Mines.
You worshipped Wu Jian.
Wu Jian was most pleased with you.
You were hungry.

You visited 3 branches of the dungeon, and saw 12 of its levels.

You collected 601 gold pieces.
You spent 258 gold pieces at shops.

Inventory:

Hand Weapons
 a - a +0 halberd
 b - a +0 whip of electrocution
 u - a cursed -2 blowgun
 J - a +1 hand axe of flaming (weapon)
Missiles
 d - 3 throwing nets
 i - 2 javelins (quivered)
 v - 38 poisoned needles
 y - 15 tomahawks
Armour
 c - a +2 hat (worn)
 k - a +0 plate armour (worn)
 z - a +1 cloak (worn)
 K - a +0 pair of boots (worn)
Jewellery
 p - a +4 ring of strength (left hand)
 D - a +3 ring of evasion (right hand)
 G - an uncursed ring of ice
Wands
 s - a wand of digging (13/24)
 C - a wand of polymorph (14/24)
 O - a wand of polymorph (14/24)
Scrolls
 g - 8 scrolls of remove curse
 h - 2 scrolls of recharging
 j - 3 scrolls of enchant weapon
 n - a scroll of identify
 q - 3 scrolls of teleportation
 B - 3 scrolls of fog
 E - 2 scrolls of blinking
 F - a scroll of fear
 L - a scroll of enchant armour
Potions
 e - 3 potions of lignification
 m - 4 potions of curing
 o - a potion of berserk rage
 r - 2 potions of flight
 w - 2 potions of brilliance
 x - a potion of agility
 A - 2 potions of magic
 H - a potion of ambrosia
 M - a potion of might
 N - 2 potions of invisibility
 Q - 2 potions of cancellation {unknown}
Comestibles
 f - 9 bread rations
 l - 6 royal jellies
 t - 5 meat rations
 I - 6 fruits


   Skills:
 + Level 8.2 Fighting
 * Level 6.4(12.4) Axes
 - Level 16.2(16.5) Polearms
 - Level 2.0 Throwing
 + Level 6.2 Armour
 - Level 3.2 Dodging


You had 10 spell levels left.
You didn't know any spells.

Dungeon Overview and Level Annotations

Branches:
Dungeon (10/15)            Temple (1/1) D:7             Orc (1/2) D:10
   Lair: D:8-11

Altars:
Ashenzari
Cheibriados
Dithmenos
Elyvilon
Fedhas
Gozag
Hepliaklqana
Kikubaaqudgha
Makhleb
Nemelex Xobeh
Okawaru
Qazlal
Ru
Sif Muna
Trog
Uskayaw
Vehumet
Wu Jian
Xom
Yredelemnul
Zin
The Shining One

Shops:
D:5 *   D:6 ?

Annotations:
D:2 Sigmund
D:3 2 transporters


Innate Abilities, Weirdness & Mutations

You reflexively headbutt those who attack you in melee.
You have a pair of horns on your head.
You have large cloven feet.
You are partially covered in iridescent scales. (AC +2)
You are covered in fur. (AC +1)


Message History

You hit the ettin but do no damage. You headbutt the ettin!
The ettin is moderately wounded.
You closely miss the orc priest. The ettin hits you with a dire flail!
* * * LOW HITPOINT WARNING * * *
The ettin closely misses you.
Unknown command.
You hit the ettin. You burn the ettin.
The ettin is moderately wounded.
You hit the orc warrior but do no damage.
You hit the orc priest but do no damage.
The orc priest calls down the wrath of Beogh upon you.
Beogh smites you!
* * * LOW HITPOINT WARNING * * *
An orc comes into view. It is wielding a hand axe.
You hit the ettin. You burn the ettin. You headbutt the ettin.
The ettin is moderately wounded.
You hit the orc warrior but do no damage.
You slash the orc priest! You burn the orc priest.
The ettin closely misses you. The ettin hits you with a dire flail!!
You die...

.#. ## ##..
####.##
#...#..#....
###.........$.
..#.............
.o.....#........
.....$..o.......
.....ooCo)......
.....#oo@..##.#.
.........###
.....##.## ...$.
#.# .... ... #..
...# .## ##


You could see an ettin, 2 orc warriors, 3 orc priests and 2 orcs.

Vanquished Creatures
  4 two-headed ogres
  An unseen horror (D:10)
  Pikel (D:5)
  Psyche (D:8)
  2 hippogriffs
  4 yaks (D:10)
  A hungry ghost (D:8)
  3 water moccasins
  2 orc warriors (D:9)
  4 slaves
  3 sky beasts
  5 ice beasts
  A phantom (D:5)
  A black bear (D:9)
  A necrophage (D:10)
  5 ogres
  A centaur (D:10)
  2 crocodiles
  2 big kobolds
  4 bullfrogs
  A scorpion (D:9)
  6 crimson imps
  A bullfrog zombie (D:8)
  2 jellies
  A bullfrog skeleton (D:10)
  4 hounds
  A centaur skeleton (D:4)
  4 orc priests
  8 orc wizards
  Crazy Yiuf (D:7)
  2 iguanas
  5 worker ants
  A hound zombie (D:10)
  A hound skeleton (D:6)
  A howler monkey skeleton (D:4)
  3 gnolls (D:5)
  5 adders
  4 shadow imps
  A white imp (D:6)
  An ooze (D:2)
  3 worms
  4 dart slugs
  3 leopard geckos
  25 orcs
  8 bats
  5 giant cockroaches
  2 gnoll zombies (D:9)
  8 goblins
  9 hobgoblins
  12 jackals
  19 kobolds
  2 quokkas
  5 ball pythons
  A frilled lizard (D:3)
  A goblin zombie (D:6)
  2 hobgoblin zombies (D:6)
  A kobold zombie (D:6)
  A leopard gecko zombie (D:5)
  3 orc skeletons (D:6)
  An orc zombie (D:6)
  A quokka zombie (D:6)
  7 rats
224 creatures vanquished.

Notes
Turn   | Place    | Note
-------+----------+-------------------------------------------
     0 | D:1      | rjrrt the Minotaur Gladiator began the quest for the Orb.
     0 | D:1      | Reached XP level 1. HP: 18/18 MP: 0/0
    29 | D:1      | Reached skill level 4 in Polearms
   173 | D:1      | Reached XP level 2. HP: 24/25 MP: 1/1
   468 | D:1      | Reached skill level 5 in Polearms
   476 | D:1      | Reached XP level 3. HP: 28/30 MP: 2/2
   548 | D:2      | Noticed Sigmund
  1009 | D:2      | Reached skill level 6 in Polearms
  1009 | D:2      | Reached XP level 4. HP: 37/37 MP: 3/3
  1247 | D:2      | Found a bloodstained altar of Trog.
  1247 | D:2      | Found a hide-covered altar of Uskayaw.
  1723 | D:2      | Found an ornate altar of the Wu Jian Council.
  2117 | D:2      | Found a snail-covered altar of Cheibriados.
  2128 | D:2      | Reached XP level 5. HP: 27/42 MP: 4/4
  2315 | D:3      | Reached skill level 7 in Polearms
  2682 | D:3      | Found a transporter.
  2692 | D:3      | Found a transporter.
  2699 | D:3      | Noticed a hungry ghost
  2701 | D:3      | Found an opulent altar of Gozag.
  3172 | D:4      | Reached skill level 8 in Polearms
  3414 | D:4      | Found an ancient bone altar of Kikubaaqudgha.
  3600 | D:4      | Reached XP level 6. HP: 47/50 MP: 5/5
  3774 | D:5      | Entered Level 5 of the Dungeon
  3849 | D:5      | Reached skill level 9 in Polearms
  3890 | D:5      | Noticed a slave
  3891 | D:5      | Noticed a slave
  3891 | D:5      | Noticed a slave
  3917 | D:4      | Killed a slave
  3920 | D:4      | Killed a slave
  3959 | D:5      | Killed a slave
  4009 | D:5      | Reached XP level 7. HP: 37/56 MP: 6/6
  4028 | D:5      | Noticed Pikel
  4170 | D:5      | Killed Pikel
  4170 | D:5      | Reached skill level 11 in Polearms
  4170 | D:5      | Reached XP level 8. HP: 62/62 MP: 7/7
  4589 | D:5      | Reached skill level 12 in Polearms
  4654 | D:5      | Found Rocatimm's General Store.
  5096 | D:5      | Reached skill level 13 in Polearms
  5310 | D:6      | Found Yhecem's Magic Scroll Emporium.
  5370 | D:6      | Bought 2 scrolls of blinking for 180 gold pieces
  5370 | D:6      | Bought a scroll of fear for 42 gold pieces
  5370 | D:6      | Bought a scroll of teleportation for 36 gold pieces
  5424 | D:6      | Found a glowing silver altar of Zin.
  5494 | D:6      | Gained mutation: Your system is resistant to poisons. (rPois) [mutagenic meat]
  5495 | D:6      | Gained mutation: You are covered in fur. (AC +1) [mutagenic meat]
  5496 | D:6      | Gained mutation: You tend to lose your temper in combat. [mutagenic meat]
  5497 | D:6      | Gained mutation: You have large cloven feet. [mutagenic meat]
  5498 | D:6      | Gained mutation: You are covered in thick fur. (AC +2) [mutagenic meat]
  5499 | D:6      | Gained mutation: Scrolls take you a little longer to read. [mutagenic meat]
  5647 | D:6      | Found a glowing golden altar of the Shining One.
  5662 | D:6      | Identified the Handbook of Combat Magic and Transmigration
  5856 | D:7      | Found a runed door.
  5860 | D:7      | Noticed Crazy Yiuf
  5866 | D:7      | Killed Crazy Yiuf
  5950 | D:7      | Reached XP level 9. HP: 68/68 MP: 8/8
  6044 | D:7      | Reached skill level 14 in Polearms
  6257 | D:7      | Found a staircase to the Ecumenical Temple.
  6272 | Temple   | Entered the Ecumenical Temple
  6479 | Temple   | Became a worshipper of the Wu Jian Council
  6479 | Temple   | Reached * piety under Wu Jian
  6628 | D:7      | Found a stormy altar of Qazlal.
  6987 | D:8      | Noticed a two-headed ogre
  6996 | D:8      | Killed a two-headed ogre
  6996 | D:8      | Reached skill level 15 in Polearms
  7021 | D:8      | Found a sacrificial altar of Ru.
  7059 | D:8      | Noticed a two-headed ogre
  7068 | D:8      | Killed a two-headed ogre
  7068 | D:8      | Reached skill level 16 in Polearms
  7361 | D:8      | Reached skill level 1 in Armour
  7361 | D:8      | Reached XP level 10. HP: 67/77 MP: 9/9
  7391 | D:8      | Found a burning altar of Makhleb.
  7541 | D:8      | Noticed Psyche
  7553 | D:8      | Killed Psyche
  7553 | D:8      | Reached skill level 5 in Fighting
  7570 | D:8      | Found a deep blue altar of Sif Muna.
  7636 | D:8      | Found a shimmering altar of Xom.
  7994 | D:9      | Noticed a two-headed ogre
  8002 | D:9      | Killed a two-headed ogre
  8018 | D:9      | Found a shattered altar of Ashenzari.
  8097 | D:9      | Reached ** piety under Wu Jian
  8264 | D:9      | Reached skill level 1 in Axes
  8500 | D:9      | Found a basalt altar of Yredelemnul.
  8620 | D:10     | Entered Level 10 of the Dungeon
  8648 | D:10     | Reached skill level 5 in Armour
  8659 | D:10     | Lost mutation: You tend to lose your temper in combat. [potion of mutation]
  8659 | D:10     | Lost mutation: Your system is resistant to poisons. (rPois) [potion of mutation]
  8659 | D:10     | Lost mutation: You are covered in thick fur. (AC +2) [potion of mutation]
  8659 | D:10     | Lost mutation: Scrolls take you a little longer to read. [potion of mutation]
  8659 | D:10     | Gained mutation: You are partially covered in iridescent scales. (AC +2) [potion of mutation]
  8676 | D:10     | Found a staircase to the Orcish Mines.
  8722 | D:10     | Killed an unseen horror
  8881 | D:10     | Reached skill level 5 in Axes
  8993 | D:10     | Reached XP level 11. HP: 94/94 MP: 10/10
  9051 | D:10     | Noticed a two-headed ogre
  9058 | D:10     | Killed a two-headed ogre
  9226 | D:10     | Reached *** piety under Wu Jian
  9492 | Orc:1    | Entered Level 1 of the Orcish Mines
  9493 | Orc:1    | Noticed an ettin
  9502 | Orc:1    | HP: 2/94 [orc priest/divine providence (15)]
  9503 | Orc:1    | Annihilated by an ettin

Vault maps used:
D:1:      lightli_iron_boxes
D:2:      lemuel_doored_altar, marbit_many_paths,
          gammafunk_temple_overflow_statue, uniq_sigmund
D:3:      gammafunk_temple_overflow_arena, first_bread, serial_glass,
          glass_columns_a, glass_columns_a, glass_columns_a, glass_columns_a,
          glass_columns_b, glass_columns_c, minmay_misc_feat_iff
D:4:      overflow_temple_1_default, hangedman_decor_slide_cut
D:5:      serial_shops, shop, serial_curves, eino_curves_02, eino_curves_04,
          uniq_pikel
D:6:      old_standard_altar, serial_shops, shop, nicolae_tso_besieged_by_evil
D:7:      nicolae_qazlal_style_of_elements, minmay_temple_entry_glassed_door,
          grunt_ogre_cave, uniq_crazy_yiuf_cottage
D:8:      tgw_xom, tgw_sif, lemuel_round_altar,
          nicolae_ru_great_annihilating_truth, serial_glass, glass_columns_a,
          glass_columns_c, uniq_psyche
D:9:      lemuel_zombie_altar_yredelemnul, ashenzari_altar_1
D:10:     orc_0_dummy
Temple:   chequers_temple_sunken

Skill      XL: |  1  2  3  4  5  6  7  8  9 10 11 |
---------------+----------------------------------+-----
Polearms       | 4 5 6 8 9 11 13 16 | 16.2
Fighting       | 3 7 8 |  8.2
Armour         | 1 5 6 |  6.2
Axes           | 5 6 |  6.4
Throwing       | |  2.0
Dodging        | |  3.2

Action                   |  1- 3 |  4- 6 |  7- 9 | 10-12 || total
-------------------------+-------+-------+-------+-------++-------
Melee: Trident           |    83 |   209 |    39 |       ||   331
       Headbutt          |    13 |    30 |    36 |    38 ||   117
       Halberd           |       |       |   202 |   212 ||   414
       Kick              |       |       |    13 |       ||    13
       Hand axe          |       |       |       |    11 ||    11
Throw: Stone             |       |     2 |       |       ||     2
       Throwing net      |       |     1 |       |       ||     1
       Javelin           |       |       |     2 |     2 ||     4
  Use: Potion            |     1 |       |     1 |     1 ||     3
       Scroll            |       |    10 |     9 |     2 ||    21
 Stab: Held in net/web   |       |     1 |       |       ||     1
       Paralysed         |       |       |     1 |       ||     1
  Eat: Chunk             |       |    10 |    17 |     7 ||    34
Armor: Leather armour    |    12 |     1 |       |       ||    13
       Chain mail        |       |    32 |    44 |    33 ||   109
       Scale mail        |       |    22 |       |       ||    22
       Plate armour      |       |       |       |    28 ||    28
Dodge: Dodged            |    56 |    38 |    71 |    73 ||   238
Block: Shield            |       |    54 |     6 |       ||    60

Table legend:
 A = Spawn XP
 B = Non-spawn XP
 C = Spawn XP percentage of total XP
 D = Spawn monster count
 E = Non-spawn monster count
 F = Spawn count percentage of total count
 G = Total turns spent on level
                    A         B        C        D         E        F      G
               +---------+---------+-------+---------+---------+-------+---------
         Total |       0 |   12664 |   0.0 |       0 |     220 |   0.0 |  9503
               +---------+---------+-------+---------+---------+-------+---------
           D:1 |       0 |      45 |   0.0 |       0 |      24 |   0.0 |   799
           D:2 |       0 |     151 |   0.0 |       0 |      27 |   0.0 |  1354
           D:3 |       0 |      80 |   0.0 |       0 |      21 |   0.0 |   971
           D:4 |       0 |     272 |   0.0 |       0 |       9 |   0.0 |   687
           D:5 |       0 |    1736 |   0.0 |       0 |      26 |   0.0 |  1341
           D:6 |       0 |     315 |   0.0 |       0 |      21 |   0.0 |   685
           D:7 |       0 |     765 |   0.0 |       0 |      15 |   0.0 |   832
           D:8 |       0 |    3355 |   0.0 |       0 |      21 |   0.0 |  1021
           D:9 |       0 |    1684 |   0.0 |       0 |      25 |   0.0 |   694
          D:10 |       0 |    4255 |   0.0 |       0 |      29 |   0.0 |   872
         Orc:1 |       0 |       6 |   0.0 |       0 |       2 |   0.0 |    11
               +---------+---------+-------+---------+---------+-------+---------
